 Dungeon Crawl Stone Soup version 0.28-a0-511-gcc94558de3 (webtiles) character file.

Game seed: 2527711185688787947

2048 Gwenloh the Covert (level 9, -2/43 (44) HPs)
             Began as a Spriggan Warper on Sept 20, 2021.
             Was an Initiate of Wu Jian.
             Succumbed to a kobold brigand's curare-tipped dart
             ... on level 7 of the Dungeon on Sept 22, 2021.
             The game lasted 00:54:11 (13891 turns).

Gwenloh the Covert (Spriggan Warper)               Turns: 13891, Time: 00:54:12

HP:   -2/43 (44)    AC:  3    Str:  7    XL:     9   Next: 4%
MP:   14/14         EV: 20    Int: 15    God:    Wu Jian [......]
Gold: 447           SH:  0    Dex: 17    Spells: 3/13 levels left

rFire   . . .      SeeInvis +   i - +2 short sword (venom)
rCold   . . .      Faith    .   (shield restricted)
rNeg    . . .      Spirit   .   b - +0 robe
rPois   .          Reflect  .   (helmet restricted)
rElec   .          Harm     .   A - +0 cloak
rCorr   +          Rampage  .   (gloves unavailable)
Will    +....                   (boots unavailable)
Stlth   +++++.....              (no amulet)
HPRegen 0.14/turn               B - ring of resist corrosion
MPRegen 0.14/turn               (no ring)

@: lethally poisoned (-2 -> -21), slowed, lightly drained, quick
A: very small, no large weapons, unfitting armour, see invisible, speed 3
a: Renounce Religion


You were on level 7 of the Dungeon.
You worshipped Wu Jian.
Wu Jian was noncommittal.
You visited 2 branches of the dungeon, and saw 10 of its levels.
You also visited: Sewer.

You collected 447 gold pieces.

Inventory:

Hand Weapons
 a - a +0 short sword
 e - a +0 dagger
 i - a +2 short sword of venom (weapon)
 j - a +0 whip
 H - a +2 dagger of holy wrath
Missiles
 d - 3 boomerangs of dispersal
 g - 131 stones
 k - 34 poisoned darts
 D - 5 curare-tipped darts (quivered)
 F - 10 boomerangs
Armour
 b - a +0 robe (worn)
 A - a +0 cloak (worn)
Jewellery
 h - a ring of fire
 B - a ring of resist corrosion (left hand)
 G - the ring "Zutu Nac" {*Corrode rElec rPois rC++ MP+9}
   (You found it on level 5 of the Dungeon)

   [ring of magical power]

   rC:        It greatly protects you from cold.
   rElec:     It insulates you from electricity.
   rPois:     It protects you from poison.
   MP:        It affects your magic capacity (+9).
   *Corrode:  It may corrode you when you take damage.
Wands
 y - a wand of polymorph (9)
 C - a wand of iceblast (6)
 K - a wand of flame (25)
Scrolls
 c - 2 scrolls of blinking
 f - 2 scrolls of acquirement {unknown}
 n - a scroll of enchant weapon {unknown}
 o - 3 scrolls of enchant armour {unknown}
 t - 12 scrolls of identify {unknown}
 u - 2 scrolls of magic mapping {unknown}
 w - a scroll of summoning {unknown}
 E - a scroll of noise {unknown}
 I - a scroll of amnesia {unknown}
 J - a scroll of fear {unknown}
Potions
 l - a potion of mutation {unknown}
 m - 4 potions of invisibility {unknown}
 p - 2 potions of magic {unknown}
 q - 2 potions of cancellation {unknown}
 r - 2 potions of might {unknown}
 s - 4 potions of haste
 v - 3 potions of brilliance {unknown}
 x - 4 potions of curing
 z - 2 potions of heal wounds {unknown}
 L - a potion of attraction {unknown}
 M - a potion of flight {unknown}


   Skills:
 + Level 3.4 Fighting
 + Level 4.6 Short Blades
 - Level 1.0 Throwing
 + Level 5.7 Dodging
 + Level 12.0 Stealth
 - Level 2.6 Spellcasting
 + Level 9.7 Translocations


You had 3 spell levels left.
You knew the following spells:

 Your Spells              Type           Power      Damage    Failure   Level
a - Blink                 Tloc           N/A        N/A       1%          2
b - Manifold Assault      Tloc           31%        N/A       11%         5
c - Gell's Gravitas       Tloc           15%        N/A       1%          3

Your spell library contained the following spells:

 Spells                   Type           Power      Damage    Failure   Level
 Lesser Beckoning         Tloc           31%        N/A       1%          3
 Teleport Other           Tloc           31%        N/A       1%          3
 Slow                     Hex            2%         N/A       30%         2
 Confusing Touch          Hex            2%         N/A       52%         3
 Vampiric Draining        Necr           1%         2d6       52%         3


Dungeon Overview and Level Annotations

Branches:
Dungeon (9/15)             Temple (1/1) D:5           Sewer (visited)
   Lair: D:8-11         Orc: D:9-12

Altars:
Ashenzari
Cheibriados
Dithmenos
Elyvilon
Fedhas
Gozag
Hepliaklqana
Kikubaaqudgha
Makhleb
Nemelex Xobeh
Okawaru
Qazlal
Ru
Sif Muna
Trog
Uskayaw
Vehumet
Wu Jian
Xom
Yredelemnul
Zin
The Shining One

Annotations:
D:2 Sigmund


Innate Abilities, Weirdness & Mutations

You are very small and have problems with some larger weapons.
You are too small for most types of armour.
You have supernaturally acute eyesight. (SInv)
You cover ground extremely quickly. (Speed+++)


Message History

You hit the ufetubus.
You kill the ufetubus!
The Council accepts your kill.
You lunge at the kobold brigand, but your attack speed is too slow for a blow to land.
The kobold brigand hits you with a +3 short sword of draining.
You feel drained.
You lunge at the bullfrog.
You hit the bullfrog.
The bullfrog is poisoned.
The bullfrog is moderately wounded.
The bullfrog hits you.
The kobold brigand hits you with a +3 short sword of draining.
You feel drained.
You hit the bullfrog.
The bullfrog is heavily wounded.
The bullfrog barely misses you.
You barely miss the bullfrog.
The bullfrog is severely wounded.
The bullfrog completely misses you.
You hit the bullfrog.
The bullfrog looks as sick as possible!
The bullfrog is almost dead.
The bullfrog completely misses you. The bullfrog closely misses you.
You kill the bullfrog!
The Council accepts your kill.
Your life force feels restored.
You lunge at the kobold brigand.
You barely miss the kobold brigand.
The kobold brigand throws a curare-tipped dart.
The curare-tipped dart closely misses you.
You lunge at the kobold brigand.
You completely miss the kobold brigand. You hit the kobold brigand.
The kobold brigand is poisoned.
The kobold brigand is lightly wounded.
The kobold brigand hits you with a +3 short sword of draining!
You feel drained.
The kobold brigand throws a curare-tipped dart.
The curare-tipped dart barely misses you.
The kobold brigand throws a curare-tipped dart.
The curare-tipped dart hits you.
You are lethally poisoned!
You have difficulty breathing.
* * * LOW HITPOINT WARNING * * *
You feel yourself slow down.
You die...

#.....####....####....####....
##......##......##......##.....
##...#.......#.......#.......#..
##...####....####....####....####
.....####....####....####....####
###....#..K...)#.......#.......#.
##......##......##......##.....
##....####...)####..[.####....
###.## ####@........# #.#.## #.#
##.#######.###.#.## ## ##'##
##...## #.[..)...# .# ##...##
##.#.#.### #..##)#... .#
##.....###.##.....###..##.##.#
.###.......###.#..........#......
............###....#.####......[.
##..........'.............).....[
#..........####......#####.##...


You could see a kobold brigand (very poisoned).

Vanquished Creatures
  Menkaure (D:4)
  2 water moccasins
  An ice beast (D:7)
  A sky beast (D:7)
  An ogre (D:6)
  A bullfrog (D:7)
  3 scorpions
  A wyvern skeleton (D:7)
  A killer bee (D:7)
  A water moccasin skeleton (D:5)
  2 wights
  A howler monkey (D:6)
  A bullfrog zombie (D:5)
  4 jellies
  Crazy Yiuf (D:2)
  An orc priest (D:7)
  A bullfrog skeleton (D:4)
  2 hounds
  2 centaur skeletons (D:7)
  An iguana (D:4)
  3 orc wizards
  A scorpion zombie (D:5)
  2 killer bee zombies
  2 hound zombies (D:5)
  3 hound skeletons (D:5)
  A howler monkey zombie (D:5)
  Robin (D:2)
  A howler monkey skeleton (D:7)
  4 adders
  12 river rats
  A shadow imp (D:7)
  A white imp (D:7)
  An ufetubus (D:7)
  An adder skeleton (D:5)
  3 worms
  3 dart slugs
  18 orcs
  6 endoplasms
  A giant cockroach (D:1)
  15 goblins
  11 hobgoblins
  A jackal (D:1)
  3 quokkas
  14 ball pythons
  5 bats
  5 frilled lizards
  28 kobolds
  23 rats
199 creatures vanquished.

Vanquished Creatures (others)
  2 fungi (D:1)
  8 plants (D:1)
10 creatures vanquished.

Grand Total: 209 creatures vanquished

Notes
Turn   | Place    | Note
-------+----------+-------------------------------------------
     0 | D:1      | Gwenloh the Spriggan Warper began the quest for the Orb.
     0 | D:1      | Reached XP level 1. HP: 10/10 MP: 5/5
   121 | D:1      | Reached skill level 1 in Stealth
   214 | D:1      | Reached skill level 2 in Stealth
   319 | D:1      | Reached XP level 2. HP: 14/14 MP: 6/6
   327 | D:1      | Learned a level 2 spell: Blink
   427 | D:1      | Found a faded altar of an unknown god.
   456 | D:1      | Reached skill level 3 in Stealth
  1399 | D:2      | Noticed Sigmund
  1403 | D:1      | Reached skill level 4 in Stealth
  1424 | D:3      | Reached XP level 3. HP: 18/18 MP: 8/8
  1858 | D:3      | Found a glowing drain.
  1869 | D:3      | Reached skill level 5 in Translocations
  1877 | D:3      | Reached skill level 5 in Stealth
  1877 | D:3      | Reached XP level 4. HP: 16/22 MP: 9/9
  2084 | Sewer    | Entered a sewer
  2440 | Sewer    | Reached skill level 6 in Stealth
  2499 | Sewer    | Reached XP level 5. HP: 15/25 MP: 10/10
  2710 | Sewer    | Reached skill level 7 in Stealth
  4004 | D:3      | Reached XP level 6. HP: 22/30 MP: 11/11
  4106 | D:3      | Learned a level 5 spell: Manifold Assault
  4110 | D:3      | Learned a level 3 spell: Gell's Gravitas
  4344 | D:2      | Upgraded the game from 0.28-a0-494-ge2d2658822 to
                  | 0.28-a0-511-gcc94558de3
  4442 | D:2      | Noticed Robin
  4544 | D:2      | Reached skill level 8 in Stealth
  4783 | D:2      | Found a runed translucent door.
  4927 | D:2      | Killed Robin
  5453 | D:2      | Noticed Crazy Yiuf
  5477 | D:2      | Killed Crazy Yiuf
  6033 | D:4      | Noticed Menkaure
  6149 | D:4      | Killed Menkaure
  6150 | D:4      | Reached skill level 9 in Stealth
  6528 | D:4      | Reached XP level 7. HP: 33/33 MP: 12/12
  6572 | D:5      | Entered Level 5 of the Dungeon
  6653 | D:5      | Reached skill level 10 in Stealth
  7585 | D:5      | Found a staircase to the Ecumenical Temple.
  7592 | Temple   | Entered the Ecumenical Temple
  7703 | Temple   | Became a worshipper of the Wu Jian Council
  8062 | D:5      | Identified the ring "Zutu Nac" {*Corrode rElec rPois rC++
                  | MP+9}
  8851 | D:6      | Reached skill level 11 in Stealth
  8851 | D:6      | Reached XP level 8. HP: 39/39 MP: 13/13
  8944 | D:6      | Found an opulent altar of Gozag.
 10137 | D:6      | You fall into a shaft and drop 3 floors!
 11893 | D:7      | Reached skill level 5 in Dodging
 13261 | D:7      | Noticed a cyclops
 13857 | D:7      | Reached skill level 12 in Stealth
 13857 | D:7      | Reached XP level 9. HP: 38/44 MP: 14/14
 13890 | D:7      | HP: 2/43 [asphyx]
 13891 | D:7      | Succumbed to a kobold brigand's curare-tipped dart

Illustrated notes

Levels and vault maps discovered:
D:1:      wander_arrival_estate, layout_basic,
          shapermc_ecumenical_altar_mp_ritualfount
D:2:      layout_loops_cross, corexii_hall_statues_i, nrook_campfire,
          minivault_11, uniq_robin, uniq_crazy_yiuf_cottage, uniq_sigmund
D:3:      layout_rooms, portal_sewer_entry_c
D:4:      layout_basic, uniq_menkaure
D:5:      layout_loops_corners, minmay_temple_entry_arrows, serial_undead,
          serial_undead_e, serial_undead_c, serial_undead_d, serial_undead_f,
          minivault_25, minmay_small_thing
D:6:      layout_basic, grunt_gozag_statues, hangedman_decor_diamond_cutter,
          skrybe_limestone_x
D:7:      wad_guarded_room, layout_loops_corners
D:8:      layout_basic, minmay_ruined_shrine
D:9:      layout_basic, serial_shops, nicolae_shop_window_shopping
Temple:   kilobyte_greek_temple

Skill      XL: |  1  2  3  4  5  6  7  8 |
---------------+-------------------------+-----
Stealth        | 2 4 5 6 7 9 11 12 | 12.0
Translocations | 5 6 7 8 9 |  9.7
Fighting       | 2 3 |  3.4
Short Blades   | 3 4 |  4.6
Dodging        | 5 |  5.7
Throwing       | |  1.0
Spellcasting   | |  2.6

Action                   |  1- 3 |  4- 6 |  7- 9 || total
-------------------------+-------+-------+-------++-------
Melee: Short sword       |   126 |   209 |   164 ||   499
       Dagger            |       |       |   107 ||   107
Throw: Stone             |     8 |    22 |       ||    30
       Boomerang         |     1 |     1 |       ||     2
       Dart              |       |     9 |     7 ||    16
 Cast: Manifold Assault  |       |     1 |     3 ||     4
       Blink             |       |     1 |       ||     1
       Gell's Gravitas   |       |     1 |       ||     1
Invok: Lunge             |       |       |    66 ||    66
 Stab: Sleeping          |     6 |    20 |    20 ||    46
       Distracted        |       |     1 |     1 ||     2
Armor: Robe              |    11 |    14 |    20 ||    45
Dodge: Dodged            |    78 |   137 |   197 ||   412

Table legend: (Time is in decaauts)
 A = Elapsed time spent in this place.
 B = Non-inter-level travel time spent in this place.
 C = Inter-level travel time spent in this place.
 D = Time resting spent in this place.
 E = Time spent auto-exploring this place.
 F = Levels seen in this place.
 G = Mean time per level.
                   A        B        C        D        E       F      G
               +--------+--------+--------+--------+--------+-----+--------+
         Total |  10738 |  10321 |    417 |   3722 |   3505 |  11 |  976.2 |
       Dungeon |   9308 |   8896 |    412 |   2959 |   3310 |   9 | 1034.2 |
        Temple |     93 |     89 |      4 |      0 |     77 |   1 |   93.0 |
         Sewer |   1335 |   1335 |      0 |    762 |    117 |   1 | 1335.0 |
               +--------+--------+--------+--------+--------+-----+--------+

Top non-repeatable levels by time:
     D:7: 2081 daAuts
     D:5: 1599 daAuts
     D:6: 1474 daAuts
   Sewer: 1335 daAuts
     D:2: 1313 daAuts
     D:1: 1112 daAuts
     D:3: 918 daAuts
     D:4: 760 daAuts
  Temple: 93 daAuts
     D:8: 39 daAuts
     D:9: 8 daAuts
